[Event "fics rated crazyhouse match"]
[Site "fics, Oklahoma City, OK USA"]
[Date "2000.02.08"]
[White "XXNoWay"]
[WhiteElo "2234"]
[Black "MrCool"]
[BlackElo "2316"]
[TimeControl "180+0"]
[Result "0-1"]

1. e4 e6 2. Nc3 Nf6 3. Nf3 d6 4. Bb5+ Bd7 5. Bxd7+ Nbxd7 6. O-O 
Be7 7. d4 O-O 8. e5 Ng4 9. exd6 cxd6 10. B@h3 B@h5 11. Bxg4 Bxg4 
12. P@h6 gxh6 13. Bxh6 P@g7 14. Bxg7 Kxg7 15. h3 Bxf3 16. Qxf3 P@g6 17. P@h6+ 
Kxh6 18. N@g4+ Kg7 19. B@h6+ Kg8 20. P@f6 Nxf6 21. Bxf8 Qxf8 22. Nxf6+ Bxf6 
23. Qxf6 B@g7 24. Qh4 N@f5 25. Qe4 N@f6 26. Qd3 B@a6 27. B@b5 Bxb5 28. Nxb5 
B@e4 29. Qe2 B@h5 30. f3 Ng3 31. Qf2 Nxf1 32. Rxf1 Bxc2 33. N@g4 Bxg4 
34. fxg4 P@g3 35. N@h6+ Bxh6 36. Qxf6 P@h2+ 37. Kh1 N@f2+ 38. Qxf2 gxf2 39. N@f6+ 
Kh8 40. N@f3 N@g3+ 41. Kxh2 Nxf1# 
{XXNoWay resigns} 0-1

[Event "fics rated crazyhouse match"]
[Site "fics, Oklahoma City, OK USA"]
[Date "2000.02.08"]
[White "Ebenfelt"]
[WhiteElo "2301"]
[Black "XXNoWay"]
[BlackElo "2225"]
[TimeControl "180+0"]
[Result "0-1"]

1. e4 e6 2. d4 Nf6 3. Nc3 d5 4. e5 Ne4 5. Nxe4 dxe4 6. Be3 
Nc6 7. Nh3 Bb4+ 8. c3 Be7 9. N@h5 O-O 10. Be2 N@f5 11. O-O f6 
12. exf6 Bxf6 13. P@g5 Nxe3 14. fxe3 Bxg5 15. Rxf8+ Qxf8 16. R@f1 Bxe3+ 17. Kh1 
B@f5 18. N@g4 Bd7 19. Nxe3 Bxh3 20. Rxf8+ Rxf8 21. B@g3 Bxg2+ 22. Nxg2 P@f3 
23. Bf1 fxg2+ 24. Bxg2 P@f3 25. B@h3 fxg2+ 26. Bxg2 P@f3 27. Bh3 P@g2+ 28. Bxg2 
fxg2+ 29. Kxg2 B@f3+ 30. Kf2 R@g2+ 31. Ke1 R@g1+ 32. Q@f1 Rxf1+ 33. Kxf1 Q@g1# 
{Ebenfelt checkmated} 0-1

[Event "fics rated crazyhouse match"]
[Site "fics, Oklahoma City, OK USA"]
[Date "2000.02.08"]
[White "XXNoWay"]
[WhiteElo "2235"]
[Black "Ebenfelt"]
[BlackElo "2291"]
[TimeControl "180+0"]
[Result "0-1"]

1. e4 e5 2. Nc3 Bc5 3. Nf3 Nf6 4. Bc4 Nc6 5. O-O O-O 6. d3 
h6 7. h3 d6 8. Nd5 Nxd5 9. Bxd5 Nd4 10. Nxd4 Bxd4 11. N@f5 Bxf5 
12. exf5 N@g3 13. B@g6 N@e2+ 14. Kh2 Nxf1+ 15. Qxf1 Bxf2 16. Bgxf7+ Kh7 17. Qxf2 
N@f1# 
{XXNoWay resigns} 0-1

[Event "fics rated crazyhouse match"]
[Site "fics, Oklahoma City, OK USA"]
[Date "2000.02.08"]
[White "Ebenfelt"]
[WhiteElo "2298"]
[Black "XXNoWay"]
[BlackElo "2228"]
[TimeControl "180+0"]
[Result "1-0"]

1. e4 e6 2. d4 Nf6 3. Nc3 d5 4. e5 Ne4 5. Nxe4 dxe4 6. Be3 
Nc6 7. Nh3 Bb4+ 8. c3 Be7 9. Be2 O-O 10. O-O f5 11. exf6 Bxf6 
12. P@g5 Be7 13. N@h5 N@h4 14. f3 exf3 15. Bxf3 Nf5 16. Qd2 Nxe3 17. Qxe3 
P@f5 18. P@h6 g6 19. N@f6+ Bxf6 20. Nxf6+ Rxf6 21. gxf6 Qxf6 22. B@g7 Qh4 
23. R@f8# 
{XXNoWay checkmated} 1-0

[Event "fics rated crazyhouse match"]
[Site "fics, Oklahoma City, OK USA"]
[Date "2000.02.08"]
[White "XXNoWay"]
[WhiteElo "2222"]
[Black "Ebenfelt"]
[BlackElo "2304"]
[TimeControl "180+0"]
[Result "1-0"]

1. e4 e5 2. Nc3 Nc6 3. Bc4 Bc5 4. Nf3 Nf6 5. O-O O-O 6. d3 
h6 7. h3 d6 8. Nd5 Be6 9. Nxf6+ Qxf6 10. N@d5 Bxd5 11. Bxd5 N@g3 
12. B@h4 N@e2+ 13. Kh2 Nxf1+ 14. Qxf1 Qxh4 15. Nxh4 B@g1+ 16. Qxg1 Nxg1 17. Bxh6 
R@h7 18. P@g6 Rxh6 19. gxf7+ Kh7 20. B@g8+ Rxg8 21. fxg8=Q+ Rxg8 22. N@g5+ Kh8 
23. Q@h7+ Rxh7 24. Nf7# 
{Ebenfelt checkmated} 1-0

[Event "fics rated crazyhouse match"]
[Site "fics, Oklahoma City, OK USA"]
[Date "2000.02.08"]
[White "Ebenfelt"]
[WhiteElo "2294"]
[Black "XXNoWay"]
[BlackElo "2232"]
[TimeControl "180+0"]
[Result "1-0"]

1. e4 e6 2. d4 Nf6 3. Bd3 d5 4. Nc3 dxe4 5. Nxe4 Bb4+ 6. c3 
Be7 7. Nf3 Nxe4 8. Bxe4 P@d5 9. Bc2 Nc6 10. N@h5 O-O 11. P@h6 g6 
12. Qd3 N@e4 13. Ng3 Nxg3 14. hxg3 N@e4 15. Qe2 Bf6 16. Bxe4 dxe4 17. Qxe4 
B@d5 18. Qe2 Bxf3 19. gxf3 Bxd4 20. P@g7 Re8 21. B@g5 P@f6 22. Bge3 Bxe3 
23. fxe3 B@d3 24. Qd2 N@c2+ 25. Kf2 Nxa1 26. N@g4 R@f5 27. B@e2 Ne5 28. Nxe5 
fxe5 29. Bxd3 e4 30. B@g4 Rf6 31. Be2 Qxd2 32. Bxd2 
{XXNoWay resigns} 1-0

[Event "fics rated crazyhouse match"]
[Site "fics, Oklahoma City, OK USA"]
[Date "2000.02.08"]
[White "XXNoWay"]
[WhiteElo "2225"]
[Black "Ebenfelt"]
[BlackElo "2301"]
[TimeControl "180+0"]
[Result "0-1"]

1. e4 e6 2. Nc3 Nc6 3. Nf3 d5 4. e5 d4 5. Ne4 Nge7 6. Bb5 
Nd5 7. Bxc6+ bxc6 8. d3 B@h5 9. O-O Be7 10. N@g3 Bg6 11. Bg5 Bxg5 
12. Nfxg5 B@f4 13. Nh3 Bxe5 14. f4 Bf6 15. Nxf6+ Nxf6 16. B@g5 P@e7 17. Bxf6 
exf6 18. B@e4 N@e3 19. Bxc6+ Bd7 20. Bxd7+ Qxd7 21. Qf3 B@c6 22. B@e4 Bcxe4 
23. Nxe4 B@g4 24. Qxe3 dxe3 25. Nc5 Bxh3 26. gxh3 B@c6 27. P@f3 e2 28. Rf2 
Qd4 29. Nb3 Qe3 30. B@d4 Bxf3 31. N@g3 e1=Q+ 32. B@f1 Q1xf2# 
{XXNoWay checkmated} 0-1

[Event "fics rated crazyhouse match"]
[Site "fics, Oklahoma City, OK USA"]
[Date "2000.02.08"]
[White "Ebenfelt"]
[WhiteElo "2307"]
[Black "XXNoWay"]
[BlackElo "2219"]
[TimeControl "180+0"]
[Result "0-1"]

1. e4 d6 2. d4 Nf6 3. Nc3 Nc6 4. Nf3 Bg4 5. Be2 Bxf3 6. Bxf3 
e5 7. d5 Nd4 8. B@h3 Be7 9. O-O O-O 10. Be3 Nxf3+ 11. Qxf3 B@d4 
12. N@f5 Bxe3 13. fxe3 N@g5 14. Qg3 Nxh3+ 15. gxh3 B@g6 16. B@h6 Nh5 17. Bxg7 
B@g5 18. Bxf8 Qxf8 19. Qg2 Bxf5 20. Rxf5 B@g6 21. Rxg5 Bxg5 22. Qxg5 N@f3+ 
23. Kh1 Nxg5 24. P@g2 Nxh3 25. gxh3 Q@f2 26. R@g2 Qxe3 27. B@f2 Qf4 28. B@g3 
R@c1+ 29. Rxc1 Qxc1+ 30. R@g1 Qch6 31. B@d2 P@f4 32. N@g4 Qhg7 33. Bh4 P@f3 
34. N@f6+ Kh8 35. Rg3 fxg3 36. hxg3 R@g2 37. Rxg2 fxg2+ 38. Kxg2 Nf4+ 39. Bxf4 
exf4 40. P@h6 f3+ 41. Kxf3 Qxf6+ 42. P@f5 N@e5# 
{Ebenfelt forfeits on time} 0-1

[Event "fics rated crazyhouse match"]
[Site "fics, Oklahoma City, OK USA"]
[Date "2000.02.08"]
[White "XXNoWay"]
[WhiteElo "2229"]
[Black "Ebenfelt"]
[BlackElo "2297"]
[TimeControl "180+0"]
[Result "0-1"]

1. e4 e6 2. Nf3 Nc6 3. Bb5 Nf6 4. Nc3 d5 5. e5 Ne4 6. O-O 
Be7 7. d4 O-O 8. Bxc6 bxc6 9. N@h5 f5 10. Nxg7 Kxg7 11. P@f6+ Nxf6 
12. exf6+ Bxf6 13. N@h5+ Kg8 14. Nxf6+ Qxf6 15. B@g5 Qg7 16. Bh6 Qg6 17. Ne5 
Qe8 18. Bxf8 Qxf8 19. R@g3+ P@g7 20. Qh5 P@g4 21. Nxd5 B@e8 22. P@f7+ Bxf7 
23. Nxf7 cxd5 24. Ne5 B@e8 25. B@f7+ Bxf7 26. Qxf7+ Qxf7 27. Nxf7 N@e2+ 28. Kh1 
Kxf7 29. Bg5 Q@d7 30. B@e7 Ba6 31. Rae1 P@f6 32. Rxe2 fxg5 33. N@e5+ Kg8 
34. Q@f7+ Kh8 
{XXNoWay forfeits on time} 0-1

[Event "fics rated crazyhouse match"]
[Site "fics, Oklahoma City, OK USA"]
[Date "2000.02.08"]
[White "Ebenfelt"]
[WhiteElo "2303"]
[Black "XXNoWay"]
[BlackElo "2223"]
[TimeControl "180+0"]
[Result "0-1"]

1. e4 e6 2. d4 Nf6 3. Nc3 d5 4. exd5 Nxd5 5. Nxd5 exd5 6. Nf3 
Be7 7. N@h5 Rg8 8. Bb5+ c6 9. Bf4 N@d6 10. Be2 Bg4 11. Ng3 Bxf3 
12. Bxf3 N@e6 13. Bxd6 Bxd6 14. B@e5 Bxe5 15. dxe5 B@c5 16. P@d6 Qa5+ 17. B@c3 
Qb5 18. N@c7+ Nxc7 19. dxc7 Bxf2+ 20. Kxf2 P@e3+ 21. Kxe3 N@c4+ 22. Kf4 B@e3+ 
23. Kg4 h5+ 24. Nxh5 P@f5+ 25. Kh3 Na6 26. B@d3 Rh8 27. Bxc4 Rxh5+ 28. Bxh5 
N@f4+ 29. Kh4 Qxc4 30. N@d6+ Kd7 31. Nxc4 g5+ 32. Kxg5 Nxg2+ 33. Kf6 P@e7+ 
34. Kxf5 B@e6# 
{Ebenfelt checkmated} 0-1

[Event "fics rated crazyhouse match"]
[Site "fics, Oklahoma City, OK USA"]
[Date "2000.02.08"]
[White "XXNoWay"]
[WhiteElo "2233"]
[Black "Ebenfelt"]
[BlackElo "2293"]
[TimeControl "180+0"]
[Result "1-0"]

1. e4 e5 2. Nc3 Bc5 3. Nf3 Nc6 4. Bb5 Nf6 5. Bxc6 dxc6 6. Nxe5 
B@d4 7. N@d3 Bxe5 8. Nxe5 Bxf2+ 9. Kxf2 Qd4+ 10. B@e3 Qxe5 11. d4 Nxe4+ 
12. Nxe4 Qxe4 13. B@f3 N@g4+ 14. Bxg4 Bxg4 15. P@f3 Bxf3 16. gxf3 N@h3+ 17. Kg2 
N@f4+ 18. Bxf4 Nxf4+ 19. Bxf4 P@h3+ 20. Kxh3 Qxf4 21. B@g3 B@d7+ 22. P@g4 Qh6+ 
23. N@h5 Qxh5+ 24. Kg2 N@e3+ 25. Kf2 Nxd1+ 26. Raxd1 P@e3+ 27. Kxe3 Qb5 28. Rhe1 
P@e6 29. Bxc7 B@f4+ 30. Bxf4 Qxb2 31. N@c7+ Kf8 32. P@e7+ Kg8 33. N@h6+ gxh6 
34. N@f6+ Kg7 35. Nh5+ Kg6 36. N@h4# 
{Ebenfelt checkmated} 1-0

[Event "fics rated crazyhouse match"]
[Site "fics, Oklahoma City, OK USA"]
[Date "2000.02.08"]
[White "Ebenfelt"]
[WhiteElo "2284"]
[Black "XXNoWay"]
[BlackElo "2242"]
[TimeControl "180+0"]
[Result "1-0"]

1. e4 e6 2. d4 Nf6 3. Nc3 d5 4. exd5 exd5 5. Nf3 Be7 6. Bb5+ 
Nc6 7. Qe2 O-O 8. P@h6 gxh6 9. Bxh6 P@g7 10. Bxg7 Kxg7 11. P@g5 P@g6 
12. Bxc6 bxc6 13. gxf6+ Bxf6 14. P@e5 Be7 15. Qd2 B@h6 16. N@e3 f6 17. exf6+ 
Bxf6 18. P@e5 Be7 19. Ncxd5 cxd5 20. P@f6+ Bxf6 21. exf6+ Rxf6 22. B@e5 N@e4 
23. Bxf6+ Qxf6 24. N@e8+ Kf7 25. Nxf6 
{XXNoWay resigns} 1-0

[Event "fics rated crazyhouse match"]
[Site "fics, Oklahoma City, OK USA"]
[Date "2000.02.08"]
[White "XXNoWay"]
[WhiteElo "2235"]
[Black "Ebenfelt"]
[BlackElo "2291"]
[TimeControl "180+0"]
[Result "1-0"]

1. e4 e5 2. Nf3 Bc5 3. Bc4 Nc6 4. d3 Nf6 5. O-O h6 6. h3 
O-O 7. Nc3 d6 8. Nd5 Nd4 9. Nxd4 Nxd5 10. Bxd5 Bxd4 11. N@g6 Re8 
12. Qf3 N@f6 13. Bxh6 gxh6 14. N@e7+ Rxe7 15. Qxf6 N@e2+ 16. Kh2 Kh7 17. N@f8+ 
Qxf8 18. Nxf8+ Kg8 19. Q@g7# 
{Ebenfelt checkmated} 1-0

[Event "fics rated crazyhouse match"]
[Site "fics, Oklahoma City, OK USA"]
[Date "2000.02.08"]
[White "XXNoWay"]
[WhiteElo "2237"]
[Black "Ebenfelt"]
[BlackElo "2289"]
[TimeControl "180+0"]
[Result "0-1"]

1. e4 e6 2. d4 Nc6 3. Nf3 d5 4. e5 Nge7 5. Bg5 h6 6. Bh4 
g5 7. Nxg5 Nf5 8. Nxf7 Qxh4 9. Nxh8 Ncxd4 10. Bd3 P@e3 11. P@g3 exf2+ 
12. Kxf2 B@e3+ 13. Kf1 Nxg3# 
{XXNoWay resigns} 0-1

[Event "fics rated crazyhouse match"]
[Site "fics, Oklahoma City, OK USA"]
[Date "2000.02.08"]
[White "Ebenfelt"]
[WhiteElo "2296"]
[Black "XXNoWay"]
[BlackElo "2230"]
[TimeControl "180+0"]
[Result "0-1"]

1. e4 Nf6 2. Nc3 Nc6 3. Bc4 e6 4. d4 d5 5. exd5 exd5 6. Bb5 
Bb4 7. Nf3 Ne4 8. Bd2 Bxc3 9. bxc3 Qe7 10. O-O P@h3 11. gxh3 Bxh3 
12. Re1 P@g4 13. Ne5 Qxe5 14. dxe5 N@f3+ 15. Qxf3 gxf3 16. Bxc6+ bxc6 17. N@f6+ 
gxf6 18. N@g7+ Kd8 19. P@e7+ Kc8 20. B@a6+ B@b7 21. Bxb7+ Kxb7 22. P@a6+ Kxa6 
23. Q@d3+ B@b5 24. Qxf3 P@g2 25. B@h1 gxh1=Q+ 26. Qxh1 B@g2 27. a4 N@f3# 
{Ebenfelt checkmated} 0-1

[Event "fics rated crazyhouse match"]
[Site "fics, Oklahoma City, OK USA"]
[Date "2001.02.08"]
[White "LinusO"]
[WhiteElo "2281"]
[Black "PureBugger"]
[BlackElo "2381"]
[TimeControl "180+0"]
[Result "1-0"]

1. e4 e6 2. Nc3 Nc6 3. Nf3 Bb4 4. d4 Nf6 5. Bd3 d5 6. exd5 
exd5 7. P@b5 P@e5 8. bxc6 e4 9. cxb7 Bxb7 10. Ne5 exd3 11. cxd3 B@h5 
12. Qa4+ c6 13. Qxb4 P@d6 14. Qxb7 dxe5 15. N@c7+ Kf8 16. B@c5+ Kg8 17. P@e7 
N@c2+ 18. Kd2 
{PureBugger resigns} 1-0

[Event "fics rated crazyhouse match"]
[Site "fics, Oklahoma City, OK USA"]
[Date "2001.02.08"]
[White "PureBugger"]
[WhiteElo "2360"]
[Black "LinusO"]
[BlackElo "2292"]
[TimeControl "180+0"]
[Result "0-1"]

1. e4 Nc6 2. d4 e6 3. Nc3 Nf6 4. Nf3 Bb4 5. Bd3 d5 6. e5 
Ne4 7. Bxe4 dxe4 8. Ng5 Qxd4 9. Nxe4 Qxe5 10. N@f3 Bxc3+ 11. bxc3 Qxe4+ 
12. Be3 B@b2 13. O-O Bxa1 14. Qxa1 P@e2 15. Kh1 P@h3 16. Rg1 hxg2+ 17. Rxg2 
R@f1+ 18. B@g1 Rxa1 19. B@d3 Qxf3 
{PureBugger resigns} 0-1

[Event "fics rated crazyhouse match"]
[Site "fics, Oklahoma City, OK USA"]
[Date "2001.02.08"]
[White "LinusO"]
[WhiteElo "2302"]
[Black "PureBugger"]
[BlackElo "2342"]
[TimeControl "120+0"]
[Result "0-1"]

1. e4 e6 2. Nc3 Nc6 3. Nf3 Bb4 4. d4 Nf6 5. Bd3 d5 6. exd5 
exd5 7. P@b5 P@e4 8. bxc6 exf3 9. Qxf3 bxc6 10. P@g5 P@e4 11. gxf6 exf3 
12. fxg7 Qe7+ 13. P@e5 Rg8 14. N@f6+ Qxf6 15. exf6 fxg2 16. Rg1 N@f3+ 17. Kd1 
Nxg1 18. Bd2 Nf3 19. Q@h8 g1=Q+ 20. N@f1 N@h6 21. Bxh7 Qxf1# 
{LinusO resigns} 0-1

[Event "fics rated crazyhouse match"]
[Site "fics, Oklahoma City, OK USA"]
[Date "2001.02.08"]
[White "PureBugger"]
[WhiteElo "2355"]
[Black "LinusO"]
[BlackElo "2295"]
[TimeControl "120+0"]
[Result "1-0"]

1. e4 Nc6 2. d4 Nf6 3. Nc3 e5 4. dxe5 Nxe5 5. Bg5 Bc5 6. P@d4 
Bxd4 7. Qxd4 d6 8. Nf3 Nxf3+ 9. gxf3 P@h3 10. Bxf6 Qxf6 11. Qxf6 gxf6 
12. N@g7+ Kf8 13. Q@e8+ Kxg7 14. N@h5+ Kg6 15. Qxh8 P@d2+ 16. Kxd2 B@g5+ 17. P@f4 
Kxh5 18. Qxh7+ N@h6 19. P@g4+ Kh4 20. B@g3# 
{LinusO checkmated} 1-0

[Event "fics rated crazyhouse match"]
[Site "fics, Oklahoma City, OK USA"]
[Date "2001.02.08"]
[White "LinusO"]
[WhiteElo "2288"]
[Black "PureBugger"]
[BlackElo "2367"]
[TimeControl "120+0"]
[Result "0-1"]

1. d4 e6 2. Nf3 Nc6 3. Bg5 Be7 4. Bxe7 Qxe7 5. e3 Nf6 6. Nbd2 
d5 7. Ne5 Nxe5 8. dxe5 Nd7 9. B@c3 N@a4 10. Bd4 B@c5 11. Rb1 Bxd4 
12. exd4 B@c3 13. Bb5 Nxb2 14. Rxb2 Bxb2 15. N@h5 f6 16. exf6 gxf6 17. P@g7 
Rg8 18. B@e5 R@c1 19. Nxf6+ Qxf6 20. Bxf6 Rxd1+ 21. Ke2 Rxd2+ 22. Kxd2 N@e4+ 
23. Ke3 Q@d2+ 24. Kf3 Qxf2+ 25. Kg4 Qf5+ 26. Kh4 N@g6# 
{LinusO checkmated} 0-1

[Event "fics rated crazyhouse match"]
[Site "fics, Oklahoma City, OK USA"]
[Date "2001.02.08"]
[White "PureBugger"]
[WhiteElo "2378"]
[Black "LinusO"]
[BlackElo "2282"]
[TimeControl "120+0"]
[Result "1-0"]

1. e4 Nc6 2. d4 Nf6 3. Nc3 e6 4. Nf3 Bb4 5. Bg5 Nxe4 6. Bxd8 
Kxd8 7. Bd3 Nxf2 8. Kxf2 Bxc3 9. bxc3 N@g4+ 10. Ke2 B@f6 11. B@h3 h5 
12. N@e4 d5 13. Nxf6 gxf6 14. Q@g7 N@f4+ 15. Kd2 Re8 16. Bxg4 hxg4 17. Qxf6+ 
B@e7 18. Qxf4 gxf3 19. gxf3 N@h3 20. Qxf7 Bg5+ 21. P@e3 Bxe3+ 22. Kxe3 P@f4+ 
23. Ke2 Bd7 24. N@c5 Re7 25. B@f6 Be8 26. Bxe7+ Nxe7 27. Nxe6+ Kc8 28. R@d8# 
{LinusO checkmated} 1-0

[Event "fics rated crazyhouse match"]
[Site "fics, Oklahoma City, OK USA"]
[Date "2001.02.08"]
[White "tantheman"]
[WhiteElo "2333"]
[Black "PureBugger"]
[BlackElo "2388"]
[TimeControl "120+0"]
[Result "1-0"]

1. e4 e6 2. Nc3 Nc6 3. Nf3 Bb4 4. d4 Nf6 5. Bd3 d5 6. exd5 
exd5 7. Qe2+ P@e4 8. Bb5 O-O 9. Bxc6 exf3 10. gxf3 bxc6 11. Rg1 Re8 
12. P@e5 N@b5 13. P@h6 B@g6 14. hxg7 Nxd4 15. N@h6+ Kxg7 16. exf6+ Qxf6 17. N@h5+ 
Kf8 18. Qxe8+ Kxe8 19. Nxf6+ Ke7 20. R@e8+ Kd6 21. Q@e7# 
{PureBugger checkmated} 1-0

[Event "fics rated crazyhouse match"]
[Site "fics, Oklahoma City, OK USA"]
[Date "2001.02.08"]
[White "PureBugger"]
[WhiteElo "2373"]
[Black "tantheman"]
[BlackElo "2342"]
[TimeControl "120+0"]
[Result "0-1"]

1. e4 e6 2. d4 b6 3. Nc3 Bb7 4. Bd3 Nf6 5. Nf3 Bb4 6. e5 
Ng4 7. O-O d6 8. Bg5 Qd7 9. Be4 d5 10. Bd3 Nc6 11. Bb5 a6 
12. Bxc6 Bxc6 13. N@h5 Rg8 14. Nh4 Bxc3 15. Qxg4 Bxb2 16. N@f6+ gxf6 17. Nxf6+ 
Kd8 18. Nxg8+ Kc8 19. Ne7+ Kb7 20. P@d6 P@f5 21. Qf3 B@e4 22. Qe3 N@g4 
23. Qb3 Bxa1 24. Rxa1 N@e2+ 25. Kh1 Nxf2# 
{PureBugger checkmated} 0-1

[Event "fics rated crazyhouse match"]
[Site "fics, Oklahoma City, OK USA"]
[Date "2000.02.09"]
[White "emperor"]
[WhiteElo "2194"]
[Black "XXNoWay"]
[BlackElo "2233"]
[TimeControl "180+0"]
[Result "0-1"]

1. e4 e6 2. Nc3 Nf6 3. d4 d5 4. e5 Ne4 5. Nxe4 dxe4 6. Nh3 
Bb4+ 7. c3 Be7 8. Bf4 Nc6 9. Bb5 O-O 10. Bxc6 bxc6 11. O-O B@f5 
12. N@g5 Bxh3 13. Nxh3 N@g6 14. B@g5 Nxf4 15. Bxf4 N@g6 16. N@h6+ Kh8 17. Qg4 
B@f5 18. Nxf5 exf5 19. Qh5 Nxf4 20. Nxf4 B@g6 21. Nxg6+ fxg6 22. Qh3 N@f4 
23. Qe3 Nxg2 24. Kxg2 f4 25. Qxe4 f3+ 26. Qxf3 Rxf3 27. Kxf3 P@g4+ 28. Ke2 
Q@f3+ 29. Kd2 N@c4+ 30. Kc2 Qe2+ 31. Kb3 Qxb2+ 32. Kxc4 Qd5+ 33. Kd3 P@c4+ 
34. Ke3 Qf3# 
{emperor checkmated} 0-1

[Event "fics rated crazyhouse match"]
[Site "fics, Oklahoma City, OK USA"]
[Date "2000.02.09"]
[White "LSS"]
[WhiteElo "2516"]
[Black "RubberDuck"]
[BlackElo "2115"]
[TimeControl "180+0"]
[Result "1-0"]

1. e4 e5 2. Bc4 Bc5 3. Nf3 Nc6 4. d3 Nf6 5. Bg5 O-O 6. Nc3 
h6 7. Bxf6 Qxf6 8. O-O d6 9. h3 Nd4 10. Nxd4 Bxd4 11. Nd5 Bxf2+ 
12. Rxf2 Qxf2+ 13. Kxf2 P@g3+ 14. Kxg3 B@f4+ 15. Kf2 Bxh3 16. N@f6+ gxf6 17. Nxf6+ 
Kg7 18. N@h5+ Kg6 19. Q@g7# 
{RubberDuck checkmated} 1-0

[Event "fics rated crazyhouse match"]
[Site "fics, Oklahoma City, OK USA"]
[Date "2000.02.09"]
[White "RubberDuck"]
[WhiteElo "2114"]
[Black "LSS"]
[BlackElo "2517"]
[TimeControl "180+0"]
[Result "0-1"]

1. e4 e6 2. d4 d5 3. exd5 exd5 4. Bb5+ P@c6 5. Qe2+ Be7 6. Bd3 
Nf6 7. Bg5 Nbd7 8. Nf3 O-O 9. P@h6 gxh6 10. Bxh6 Re8 11. Ne5 P@e4 
12. Nxd7 Bxd7 13. N@g7 exd3 14. cxd3 Bb4+ 15. Nc3 Rxe2+ 16. Kxe2 B@g6 17. P@f5 
Bdxf5 18. Nxf5 Bxf5 19. R@g7+ Kh8 20. Rxf7 Q@h5+ 21. P@f3 Qxf7 22. B@g7+ Kg8 
23. Bxf6 Qdxf6 24. P@e5 Qxh6 25. N@f6+ Kh8 26. Ncxd5 Qd2+ 27. Kf1 P@e2+ 28. Kg1 
R@f1+ 29. Rxf1 exf1=R+ 30. Kxf1 Qe1# 
{RubberDuck checkmated} 0-1

[Event "fics rated crazyhouse match"]
[Site "fics, Oklahoma City, OK USA"]
[Date "2000.02.09"]
[White "LSS"]
[WhiteElo "2518"]
[Black "RubberDuck"]
[BlackElo "2113"]
[TimeControl "180+0"]
[Result "1-0"]

1. e4 e5 2. Bc4 Bc5 3. Bxf7+ Kxf7 4. Qh5+ g6 5. Qxe5 Bxf2+ 6. Kxf2 
Qf6+ 7. Qxf6+ Nxf6 8. P@f3 P@f4 9. B@h4 B@d4+ 10. P@e3 fxe3+ 11. dxe3 Be5 
12. P@d4 Bxd4 13. exd4 Nxe4+ 14. fxe4 Q@e6 15. N@g5+ Ke8 16. Nxe6 P@e3+ 17. Bxe3 
P@g3+ 18. hxg3 
{RubberDuck forfeits on time} 1-0

[Event "fics rated crazyhouse match"]
[Site "fics, Oklahoma City, OK USA"]
[Date "2000.02.09"]
[White "XXNoWay"]
[WhiteElo "2257"]
[Black "Ebenfelt"]
[BlackElo "2287"]
[TimeControl "180+0"]
[Result "1-0"]

1. e4 e6 2. Nc3 d5 3. Nf3 dxe4 4. Nxe4 Be7 5. d4 Nf6 6. Nxf6+ 
Bxf6 7. P@e5 Be7 8. Bb5+ Bd7 9. Bxd7+ Qxd7 10. N@h5 Rg8 11. B@g5 Bxg5 
12. Bxg5 B@g4 13. Nf4 Bxf3 14. Qxf3 Qxd4 15. O-O B@e4 16. Qxe4 Qxe4 17. B@f3 
Qf5 18. B@h4 P@g4 19. Rad1 P@d7 20. B@e4 gxf3 21. Bxf5 Nc6 22. Bxe6 fxe6 
23. P@f7+ Kxf7 24. Rxd7+ P@e7 25. Q@h5+ B@g6 26. Qxf3 B@e4 27. P@f5 Bxf3 28. fxe6+ 
Kf8 29. Bxe7+ Ke8 30. P@f7+ Bxf7 31. exf7+ Kxd7 32. B@e6# 
{Ebenfelt checkmated} 1-0

[Event "fics rated crazyhouse match"]
[Site "fics, Oklahoma City, OK USA"]
[Date "2000.02.09"]
[White "XXNoWay"]
[WhiteElo "2274"]
[Black "Ebenfelt"]
[BlackElo "2270"]
[TimeControl "180+0"]
[Result "1-0"]

1. e4 e5 2. Nc3 Nc6 3. Nf3 Bc5 4. Bc4 Nf6 5. O-O O-O 6. h3 
Nxe4 7. Nxe4 d5 8. Nxc5 dxc4 9. B@h4 B@e7 10. Bxe7 Qxe7 11. Ne4 P@d3 
12. B@h4 f6 13. N@d5 Qe6 14. Nxc7 Qf5 15. Nd6 Qg6 16. Nxa8 B@e2 17. R@g3 
Qh5 18. P@f7+ Kh8 19. Bxf6 Rxf7 20. Nxf7+ Qxf7 21. Bxg7+ Qxg7 22. Rxg7 Bxd1 
23. R@g8# 
{Ebenfelt checkmated} 1-0

[Event "fics rated crazyhouse match"]
[Site "fics, Oklahoma City, OK USA"]
[Date "2000.02.09"]
[White "Ebenfelt"]
[WhiteElo "2262"]
[Black "XXNoWay"]
[BlackElo "2282"]
[TimeControl "180+0"]
[Result "1-0"]

1. e4 e6 2. d4 Nf6 3. Nc3 Bb4 4. Bd3 d5 5. exd5 Nxd5 6. Bd2 
Bxc3 7. bxc3 N@f4 8. B@e4 Nxd3+ 9. Bxd3 B@b2 10. N@h5 Qh4 11. Nxg7+ Kd8 
12. Rb1 Bxc3 13. Bxc3 Nxc3 14. P@e7+ Qxe7 15. B@b4 Nxd1 16. Bxe7+ Kxe7 17. P@f6+ 
Kxf6 18. Nh5+ Ke7 19. Q@f6+ Kd7 20. Rxd1 B@c3+ 21. Kf1 P@d2 22. N@e5+ Kd6 
23. Nxf7+ Kc6 24. d5# 
{XXNoWay resigns} 1-0

[Event "fics rated crazyhouse match"]
[Site "fics, Oklahoma City, OK USA"]
[Date "2000.02.09"]
[White "XXNoWay"]
[WhiteElo "2274"]
[Black "Ebenfelt"]
[BlackElo "2270"]
[TimeControl "180+0"]
[Result "1-0"]

1. e4 e6 2. Nc3 Nf6 3. Nf3 d5 4. e5 Ne4 5. Bb5+ Nc6 6. O-O 
Be7 7. d4 O-O 8. Bxc6 bxc6 9. N@h5 f5 10. Nxg7 Kxg7 11. P@f6+ Nxf6 
12. exf6+ Bxf6 13. N@h5+ Kh8 14. Nxf6 Rxf6 15. Bg5 B@g7 16. Ne5 Qg8 17. Bxf6 
Bxf6 18. B@f7 Qxg2+ 19. Kxg2 N@h4+ 20. Kg3 f4+ 21. Kxf4 B@g5+ 22. Kg3 Bxe5+ 
23. dxe5 Bf4+ 24. Kxf4 N@g2+ 25. Kg3 N@f5+ 26. Kh3 Nf4+ 27. Kg4 P@h5+ 28. Kxf4 
P@g5+ 29. Kxg5 h6+ 30. Kxh5 P@g6+ 31. Bxg6 Nxg6 32. Q@e8+ Kh7 33. Qxg6+ Kh8 
34. R@g8# 
{Ebenfelt checkmated} 1-0

[Event "fics rated crazyhouse match"]
[Site "fics, Oklahoma City, OK USA"]
[Date "2000.02.09"]
[White "venomous"]
[WhiteElo "2508"]
[Black "Thufir"]
[BlackElo "2309"]
[TimeControl "60+0"]
[Result "1-0"]

1. e4 e6 2. d4 Nc6 3. Be3 Nf6 4. Bd3 d6 5. Nf3 Be7 6. Nc3 
O-O 7. O-O Ng4 8. Qe2 f5 9. d5 Nce5 10. Nxe5 dxe5 11. dxe6 Bxe6 
12. exf5 Nxe3 13. fxe6 Nxf1 14. P@f7+ Kh8 15. Bxh7 R@g5 16. N@g6+ Rxg6 17. Bxg6 
N@f6 18. Rxf1 N@f4 19. R@h4+ B@h6 20. Rxf4 exf4 21. N@f5 R@g5 22. P@g3 Rxg6 
23. Nxh6 gxh6 24. P@f5 Rg7 25. N@g6+ Kh7 26. Nxf8+ Qxf8 27. B@g6+ Kh8 28. B@e5 
B@g4 29. f3 fxg3 30. fxg4 gxh2+ 31. Kxh2 Nxg4+ 32. Qxg4 P@f6 33. N@h5 N@g5 
34. Nxg7 Qxg7 35. P@h4 P@g3+ 36. Bxg3 N@e5 37. R@e8+ Rxe8 38. fxe8=Q+ N@f8 39. Bxe5 
fxe5 40. hxg5 Bxg5 41. N@f7+ Qxf7 42. Qxf7 B@f4+ 43. Rxf4 Bxf4+ 44. Qxf4 N@f1+ 
45. Qxf1 P@g3+ 46. Kxg3 P@f4+ 47. Kf2 P@e3+ 48. Ke2 R@g7 49. Kf3 Rxf7 50. Q@h7+ 
Rxh7 51. R@g8# 
{Thufir forfeits on time} 1-0

[Event "fics rated crazyhouse match"]
[Site "fics, Oklahoma City, OK USA"]
[Date "2000.02.09"]
[White "Ebenfelt"]
[WhiteElo "2262"]
[Black "XXNoWay"]
[BlackElo "2282"]
[TimeControl "180+0"]
[Result "0-1"]

1. e4 e6 2. Nc3 Nf6 3. d4 d5 4. e5 Ne4 5. Nxe4 dxe4 6. Be3 
Nc6 7. Nh3 N@f5 8. c3 Nxe3 9. fxe3 B@h4+ 10. g3 Bg5 11. N@f4 Bxf4 
12. exf4 N@f3+ 13. Kf2 Ncxd4 14. cxd4 Qxd4+ 15. B@e3 Qxd1 16. Rxd1 Q@c2+ 17. Be2 
P@d3 18. N@d4 Nxd4 19. N@c3 Nxe2 20. Rd2 N@g4+ 21. Ke1 Nxe3 22. Rxc2 Nxc2+ 
23. Kf2 B@e3+ 24. Kg2 B@f3+ 25. Kf1 P@g2# 
{Ebenfelt checkmated} 0-1